cohdb
Replays
Latest Replays
All Replays
Popular Replays
Top Player Replays
Match Explorer
How It Works
Community
CoH3 Stats
Reddit
Sign in to upload your games and track your stats! →
Sign in with Steam
Match 44240128
Unlisted
Match 44240128
Overview
Messages
Build Orders
End
Kradschützen Motorcycle Team
Panzergrenadier Squad
Selects Panzerjäger Kommand Battlegroup
Panzergrenadier Squad
Construct Light Support Kompanie
MG34 Team
2.5-tonne Medical Truck
MG34 Team
Fire Support Elements
Flakvierling Half-track
Selects Mine Fields
Selects Defensive Positions
MG34 Team
Pak 38 Anti-tank Gun Team
Selects Butterfly Bomb Drop
Construct Panzerarmee Kommand
Walking Stuka Rocket Launcher
Panzerpioneer Squad
Butterfly Bomb Drop
Selects Tank Busters
Armored Reserves
Assault Grenadier Squad
Walking Stuka Rocket Launcher
Assault Grenadier Squad
Butterfly Bomb Drop
Butterfly Bomb Drop
Tiger Heavy Tank
Butterfly Bomb Drop
2.5-tonne Medical Truck
DrewP
Dillbro
Oldzombies
Matheulbeuk
0
0
Comments
sign in to comment!
No comments posted yet!